 Dungeon Crawl Stone Soup version 0.30-a0-639-g3916f1956a (webtiles) character file.

Game seed: 17835453595307119026

18 Newt the Ducker (level 2, -2/22 HPs)
             Began as a Demonspawn Gladiator on Jan 15, 2023.
             Slain by a goblin
             ... wielding a +0 club
             ... led by Robin
              (3 damage)
             ... on level 2 of the Dungeon.
             The game lasted 00:00:37 (648 turns).

Newt the Ducker (Demonspawn Gladiator)               Turns: 648, Time: 00:00:38

Health: -2/22      AC:  4    Str: 14    XL:     2   Next: 48%
Magic:  2/2        EV: 12    Int:  9    God:
Gold:   31         SH:  0    Dex: 14    Spells: 1/1 levels left

rFire   . . .      SeeInvis .    l - +3 dagger
rCold   . . .      Faith    .    (no shield)
rNeg    . . .      Spirit   .    b - +0 leather armour
rPois   .          Reflect  .    c - +0 helmet
rElec   .          Harm     .    (no cloak)
rCorr   .          Rampage  .    (no gloves)
Will    .....                    (no boots)
Stlth   ++                       (no amulet)
HPRegen 0.23/turn                (no ring)
MPRegen 0.08/turn                (no ring)

@: no status effects
A: demonic touch 1
a: no special abilities


You were on level 2 of the Dungeon.
You visited 1 branch of the dungeon, and saw 2 of its levels.

You collected 31 gold pieces.

Inventory:

Hand Weapons
 a - a +0 rapier
 l - a +3 dagger (weapon)
Missiles
 d - 6 throwing nets (quivered)
 e - 9 javelins
 k - 5 poisoned darts
Armour
 b - a +0 leather armour (worn)
 c - a +0 helmet (worn)
Scrolls
 g - a scroll of noise {unknown}
 i - 2 scrolls of teleportation {unknown}
 n - a scroll of fear {unknown}
 o - a scroll of blinking {unknown}
Potions
 f - a potion of haste {unknown}
 h - 2 potions of flight {unknown}
 j - 2 potions of resistance {unknown}
 m - a potion of heal wounds {unknown}


   Skills:
 - Level 2.0 Fighting
 - Level 2.6 Short Blades
 - Level 1.7 Throwing
 - Level 2.6 Dodging
 + Level 2.2 Stealth


You had one spell level left.
You didn't know any spells.
Your spell library was empty.

Dungeon Overview and Level Annotations

Branches:
Dungeon (2/15)

Altars:

Shops:
D:1 ?

Annotations:
D:2 Robin


Innate Abilities, Weirdness & Mutations

Your touch may inflict minor irresistible damage on your foes.


Message History

You hit the dart slug.
You touch the dart slug.
You kill the dart slug!
The goblin hits you with a +0 dagger.
The kobold throws a stone.
The stone hits you but does no damage.
You hit the goblin. Your touch misses the goblin.
The goblin is moderately wounded.
Robin throws the goblin at you! The goblin barely misses you. x2
The kobold throws a stone.
The stone closely misses you. The goblin barely misses you.
Unknown command.
The goblin attacks as you move away! The goblin closely misses you.
The goblin attacks as you move away! The goblin hits you with a +0 dagger.
The goblin attacks as you move away! The goblin hits you with a +0 club.
The goblin barely misses you. Robin throws the goblin at you!
The goblin closely misses you. x2
You hit the goblin.
The goblin is severely wounded.
Robin roars a battlecry!
The goblins go into a battle-frenzy!
The goblin barely misses you. The goblin hits you but does no damage.
The kobold hits you with a +0 short sword.
The goblin misses you. The goblin hits you with a +0 dagger.
You hit the goblin.
You kill the goblin!
The goblin hits you with a +0 club.
* * * LOW HITPOINT WARNING * * *
The goblin hits you with a +0 club.
* * * LOW HITPOINT WARNING * * *
The kobold hits you but does no damage. The goblin hits you with a +0 dagger.
* * * LOW HITPOINT WARNING * * *
The kobold closely misses you. The goblin barely misses you.
You see here a +0 club.
The goblin attacks as you move away! The goblin hits you with a +0 dagger.
* * * LOW HITPOINT WARNING * * *
The goblin hits you but does no damage. The kobold barely misses you.
The goblin shoots a sling bullet.
The sling bullet closely misses you.
There is a stone staircase leading up here.
Robin throws the goblin at you! The goblin closely misses you.
The goblin hits you with a +0 club.
You die...

#################
......g..........
#ggg........##
#.@gg.........
#..Kg.g.......
##.gg.........
#.g..........
#............
#..!.........
#............
########.....
#....


You could see Robin, 2 hobgoblins, 8 goblins and a kobold.

Vanquished Creatures
  A dart slug (D:2)
  A bat (D:1)
  2 endoplasms (D:1)
  A giant cockroach (D:1)
  2 goblins
  2 kobolds (D:1)
  A frilled lizard (D:1)
  5 rats
15 creatures vanquished.

Notes
Turn   | Place    | Note
-------+----------+-------------------------------------------
     0 | D:1      | Newt the Demonspawn Gladiator began the quest for the Orb.
     0 | D:1      | Reached XP level 1. HP: 16/16 MP: 1/1
    35 | D:1      | Reached skill level 1 in Stealth
   258 | D:1      | Gained mutation: Your touch may inflict minor irresistible
                  | damage on your foes. [demonic ancestry]
   258 | D:1      | Reached XP level 2. HP: 22/22 MP: 2/2
   422 | D:1      | Found Byinaij's Magic Scroll Boutique.
   638 | D:2      | Noticed Robin
   647 | D:2      | HP: 1/22 [goblin/+0 dagger[Robin] (3)]
   648 | D:2      | Slain by a goblin

Illustrated notes

Levels and vault maps discovered:
D:1:      lemuel_arrival_broad_hall, layout_basic, serial_shops, shop_fountains
D:2:      layout_basic, serial_shops, shop, st_stairs_1, uniq_jessica,
          uniq_robin

Skill      XL: |  1  2 |
---------------+-------+-----
Stealth        | 1 2 |  2.2
Fighting       | |  2.0
Short Blades   | |  2.6
Throwing       | |  1.7
Dodging        | |  2.6

Action                   || total
-------------------------++-------
Melee: Rapier            ||    16
       Dagger            ||    16
       Touch             ||     4
Armor: Leather armour    ||     7
Dodge: Dodged            ||    39

Table legend: (Time is in decaauts)
 A = Elapsed time spent in this place.
 B = Non-inter-level travel time spent in this place.
 C = Inter-level travel time spent in this place.
 D = Time resting spent in this place.
 E = Time spent auto-exploring this place.
 F = Levels seen in this place.
 G = Mean time per level.
                   A        B        C        D        E       F      G
               +--------+--------+--------+--------+--------+-----+--------+
         Total |    646 |    620 |     26 |      0 |    522 |   2 |  323.0 |
       Dungeon |    646 |    620 |     26 |      0 |    522 |   2 |  323.0 |
               +--------+--------+--------+--------+--------+-----+--------+

Top non-repeatable levels by time:
     D:1: 632 daAuts
     D:2: 13 daAuts
